 Dungeon Crawl Stone Soup version 0.31.0-11-ge490571c62 (webtiles) character file.

Game seed: 10216234791326161519

13150 qw the Markself (level 11, -7/67 (68) HPs)
             Began as a Deep Elf Hunter on Feb 5, 2024.
             Was an Elder of Okawaru.
             Mangled by a titanic slime creature (28 damage)
             ... on level 11 of the Dungeon.
             The game lasted 00:04:36 (8989 turns).

qw the Markself (Deep Elf Hunter)                   Turns: 8989, Time: 00:04:37

HP:   -7/67 (68)    AC: 18    Str: 12    XL:     11   Next: 71%
MP:   8/17          EV: 25    Int: 15    God:    Okawaru [****..]
Gold: 516           SH:  0    Dex: 18    Spells: 10/10 levels left

rFire   . . .        j - +1 orcbow
rCold   . . .        (shield currently unavailable)
rNeg    . . .        l - +0 ring mail
rPois   .            r - +2 hat
rElec   .            q - +0 cloak
rCorr   .            d - +1 pair of gloves {infuse}
SInv    .            (no boots)
Will    +....        t - amulet of the acrobat
Stlth   +++          u - +5 ring of evasion
HPRegen 0.31/turn    i - +4 ring of protection
MPRegen 0.15/turn

%: acrobat, infuse magic (1 MP)
@: heroic, finesse-ful, marked, lightly drained
A: iridescent scales 1
a: Renounce Religion, Heroism, Finesse


You were on level 11 of the Dungeon.
You worshipped Okawaru.
Okawaru was greatly pleased with you.
You visited 2 branches of the dungeon, and saw 12 of its levels.
You also visited: Sewer.

You collected 642 gold pieces.
You spent 126 gold pieces at shops.


Innate Abilities, Weirdness & Mutations

You are partially covered in iridescent scales. (AC +2)


   Skills:
 + Level 8.1(13.1) Fighting
 - Level 16.0(21.0) Ranged Weapons
 - Level 4.0(9.0) Armour
 - Level 11.2(16.2) Dodging
 - Level 1.2(6.2) Stealth
 + Level 5.3 Invocations


You had 10 spell levels left.
You didn't know any spells.
Your spell library was empty.

Inventory:

Hand Weapons
 j - a +1 orcbow (weapon)
Armour
 d - a +1 pair of gloves of infusion (worn)
 l - a +0 ring mail (worn)
 q - a +0 cloak (worn)
 r - a +2 hat (worn)
Jewellery
 g - the amulet of Sesinor {Spirit Int+5}
   (You acquired it in a sewer)

   [amulet of guardian spirit]

   Spirit:    It causes incoming damage to be divided between your reserves of
   health and magic.
   Int+5:     It affects your intelligence (+5).
 i - a +4 ring of protection (right hand)
 t - an amulet of the acrobat (around neck)
 u - a +5 ring of evasion (left hand)
 w - a ring of protection from fire
Wands
 n - a wand of mindburst (13)
 o - a wand of digging (5)
 s - a wand of quicksilver (1)
Potions
 a - 2 potions of enlightenment
 b - a potion of mutation
 c - 3 potions of might
 f - 6 potions of curing
 h - a potion of heal wounds
 k - a potion of resistance

Dungeon Overview and Level Annotations

Branches:
Dungeon (11/15)            Temple (1/1) D:7             Orc (0/2) D:9
  Sewer (visited)
   Lair: D:8-11

Altars:
Ashenzari
Cheibriados
Dithmenos
Elyvilon
Fedhas
Gozag
Hepliaklqana
Kikubaaqudgha
Makhleb
Nemelex Xobeh
Okawaru
Qazlal
Ru
Sif Muna
Trog
Uskayaw
Vehumet
Wu Jian
Xom
Yredelemnul
Zin
The Shining One

Shops:
D:8 ?

Annotations:
D:5 1 runed translucent door, Crazy Yiuf
D:8 3 runed translucent doors, qw's ghost, novice DjHu


Message History

The arrow hits the slime creature but does no damage.
The slime creature is heavily wounded.
The slime creature misses you.
You shoot an arrow. The arrow hits the slime creature.
The slime creature is heavily wounded.
You shoot an arrow. The arrow hits the slime creature!
The slime creature is heavily wounded.
The slime creature closely misses you.
A large slime creature comes into view.
You shoot an arrow. The arrow hits the slime creature!!
The slime creature is almost dead.
The slime creature hits you.
You shoot an arrow. The arrow hits the slime creature.
The slime creature is almost dead.
The slime creature barely misses you.
You shoot an arrow. The arrow hits the slime creature!!
You kill the slime creature!
Okawaru accepts your kill.
You shoot an arrow.
The arrow hits the large slime creature!
The large slime creature is lightly wounded.
A very large slime creature comes into view.
You shoot an arrow.
The arrow hits the large slime creature.
The large slime creature is lightly wounded.
The large slime creature completely misses you.
You shoot an arrow.
The arrow hits the large slime creature.
The large slime creature is moderately wounded.
The large slime creature completely misses you.
You shoot an arrow.
The arrow hits the large slime creature!!
The large slime creature is moderately wounded.
Two slime creatures merge to form a titanic slime creature.
8988 ||| INVOKING Finesse.
You can now deal lightning-fast blows.
8989 ||| INVOKING Heroism.
You gain the combat prowess of a mighty hero.
The titanic slime creature hits you!!
You die... # #.#####.# #...J@..# #########

You could see a titanic slime creature.

Vanquished Creatures
  Gastronok (D:8)
  A two-headed ogre (D:11)
  3 death yaks (D:11)
  A deep elf pyromancer (D:8)
  A gargoyle (D:10)
  3 kobold demonologists
  Jeremiah (D:8)
  A hornet (D:7)
  A slime creature (D:11)
  Sigmund (D:2)
  3 wyverns
  A vampire (D:9)
  Eustachio (D:5)
  9 yaks
  3 vampire mosquitoes (D:11)
  An acid dragon (D:9)
  4 water moccasins
  4 orc warriors (D:9)
  2 ice beasts (D:7)
  3 black bears
  4 sky beasts
  An ogre (D:5)
  4 centaurs
  A phantom (D:6)
  4 kobold brigands
  5 bullfrogs
  3 scorpions
  11 wights
  5 killer bees (D:10)
  5 howler monkeys
  A bombardier beetle (D:3)
  2 hounds
  4 orc priests (D:9)
  2 jellies (D:6)
  2 sleepcaps
  Jessica (D:2)
  11 iguanas
  10 orc wizards
  2 hell rats
  A mummy (D:6)
  3 gnolls (D:4)
  10 adders
  2 river rats
  A shadow imp (D:7)
  3 white imps
  4 ufetubi (D:6)
  A ribbon worm (D:3)
  26 orcs
  10 ball pythons
  13 endoplasms
  6 giant cockroaches
  5 goblins
  9 hobgoblins
  5 jackals
  5 quokkas
  9 bats
  3 frilled lizards (D:3)
  2 hobgoblin zombies (D:6)
  17 kobolds
  2 kobold zombies (D:6)
  14 rats
274 creatures vanquished.

Notes
Turn   | Place    | Note
-------+----------+-------------------------------------------
     0 | D:1      | qw the Deep Elf Hunter began the quest for the Orb.
     0 | D:1      | Reached XP level 1. HP: 12/12 MP: 3/3
     0 | D:1      | 0 ||| qw: Version: 0.3-a-160-g6735b56
     0 | D:1      | 0 ||| qw: Game counter: 6435
     0 | D:1      | 0 ||| qw: Melee chars always use a shield: true
     0 | D:1      | 0 ||| qw: God list: Okawaru
     0 | D:1      | 0 ||| qw: Allow faded altars: false
     0 | D:1      | 0 ||| qw: Do Orc after clearing Dungeon:15 true
     0 | D:1      | 0 ||| qw: Do second Lair branch before Depths: true
     0 | D:1      | 0 ||| qw: Lair rune preference: random
     0 | D:1      | 0 ||| qw: Goals: Normal
     0 | D:1      | 0 ||| PLANNING D:1-11
    92 | D:1      | Reached skill level 6 in Ranged Weapons
    92 | D:1      | Reached XP level 2. HP: 16/16 MP: 4/4
   255 | D:1      | Found a faded altar of an unknown god.
   486 | D:1      | 486 ||| READING scroll labelled PEVIPTU ZISMACW.
   486 | D:1      | Identified a scroll of acquirement
   486 | D:1      | 486 ||| ACQUIRING +5 shortbow of electrocution
   486 | D:1      | Acquired a +5 shortbow of electrocution
   488 | D:1      | 488 ||| SWAPPING to +5 shortbow of electrocution.
   489 | D:1      | 489 ||| DROPPING +0 shortbow.
   490 | D:1      | 490 ||| READING scroll labelled YJOGRAMIUS.
   491 | D:1      | 491 ||| READING scroll labelled KOALEOKURU.
   492 | D:1      | 492 ||| READING scroll labelled METHER HINWISYF.
   495 | D:1      | 495 ||| READING scroll labelled ESIDASORREO.
   495 | D:1      | 495 ||| ENCHANTING +5 shortbow of electrocution.
   496 | D:1      | 496 ||| DROPPING scroll of butterflies.
   502 | D:2      | Reached XP level 3. HP: 19/20 MP: 5/5
   560 | D:2      | Reached skill level 7 in Ranged Weapons
   710 | D:2      | Noticed Jessica
   714 | D:2      | Killed Jessica
   715 | D:2      | Reached XP level 4. HP: 24/25 MP: 6/6
   725 | D:2      | Found an ornate altar of the Wu Jian Council.
   726 | D:2      | Noticed Sigmund
   730 | D:2      | Killed Sigmund
   731 | D:2      | Reached skill level 9 in Ranged Weapons
   731 | D:2      | Reached XP level 5. HP: 29/29 MP: 7/7
  1014 | D:2      | 1014 ||| READING scroll labelled POMOEDU LUFAPP.
  1014 | D:2      | 1014 ||| IDENTIFYING lumpy yellow potion
  1015 | D:2      | 1015 ||| READING scroll labelled EDYM ODAAXKOKK.
  1066 | D:2      | 1066 ||| DRINKING 2 clear potions.
  1067 | D:2      | 1067 ||| DROPPING potion of berserk rage.
  1102 | D:3      | Reached skill level 3 in Dodging
  1102 | D:3      | Reached XP level 6. HP: 34/34 MP: 8/8
  1627 | D:3      | 1627 ||| UPGRADING to +0 ring mail.
  1637 | D:3      | 1637 ||| DROPPING +0 leather armour.
  1638 | D:3      | 1638 ||| UPGRADING to ring of see invisible.
  1639 | D:3      | 1639 ||| READING 2 scrolls of identify.
  1639 | D:3      | 1639 ||| IDENTIFYING sedimented green potion
  1640 | D:3      | 1640 ||| READING scroll of identify.
  1640 | D:3      | 1640 ||| IDENTIFYING gluggy clear potion
  1641 | D:3      | 1641 ||| READING scroll labelled XAISSE YWAB.
  1643 | D:3      | 1643 ||| Stepping ~*~*~tactically~*~*~ (cloud).
  1741 | D:4      | 1741 ||| PLANNING SEWER
  1780 | D:4      | Reached skill level 10 in Ranged Weapons
  1829 | D:4      | Found a hide-covered altar of Uskayaw.
  1830 | D:4      | Noticed a +0 dagger
  1831 | D:4      | Noticed a +0 hand axe
  2033 | D:4      | Reached XP level 7. HP: 28/40 MP: 9/9
  2202 | D:4      | Found a glowing drain.
  2210 | D:4      | Reached skill level 11 in Ranged Weapons
  2221 | D:4      | 2221 ||| DROPPING amulet of magic regeneration.
  2248 | Sewer    | Entered a sewer
  2283 | Sewer    | 2283 ||| READING scroll of enchant weapon.
  2283 | Sewer    | 2283 ||| ENCHANTING +6 shortbow of electrocution.
  2292 | Sewer    | 2292 ||| READING scroll of acquirement.
  2292 | Sewer    | 2292 ||| ACQUIRING amulet of Sesinor {Spirit Int+5}
  2292 | Sewer    | Acquired the amulet of Sesinor {Spirit Int+5}
  2294 | Sewer    | 2294 ||| UPGRADING to amulet of Sesinor {Spirit Int+5}.
  2317 | Sewer    | 2317 ||| READING scroll of identify.
  2317 | Sewer    | 2317 ||| IDENTIFYING bubbling puce potion
  2318 | Sewer    | 2318 ||| DRINKING 2 sedimented emerald potions.
  2319 | Sewer    | 2319 ||| DROPPING potion of brilliance.
  2320 | Sewer    | 2320 ||| DROPPING potion of invisibility.
  2331 | D:4      | 2331 ||| PLANNING D:1-11
  2405 | D:5      | Entered Level 5 of the Dungeon
  2417 | D:5      | Reached skill level 12 in Ranged Weapons
  2417 | D:5      | 2417 ||| FLEEEEING.
  2418 | D:5      | 2418 ||| FLEEEEING.
  2421 | D:5      | 2421 ||| FLEEEEING.
  2422 | D:5      | 2422 ||| STAIRDANCE
  2471 | D:5      | Reached skill level 1 in Armour
  2479 | D:5      | Reached XP level 8. HP: 45/45 MP: 10/10
  2650 | D:5      | 2650 ||| FLEEEEING.
  2651 | D:5      | 2651 ||| FLEEEEING.
  2652 | D:5      | 2652 ||| FLEEEEING.
  2653 | D:5      | 2653 ||| FLEEEEING.
  2654 | D:5      | 2654 ||| FLEEEEING.
  2658 | D:5      | 2658 ||| FLEEEEING.
  2659 | D:5      | 2659 ||| FLEEEEING.
  2660 | D:5      | 2660 ||| FLEEEEING.
  2661 | D:5      | 2661 ||| FLEEEEING.
  2662 | D:5      | 2662 ||| FLEEEEING.
  2663 | D:5      | 2663 ||| FLEEEEING.
  2664 | D:5      | 2664 ||| STAIRDANCE
  2804 | D:5      | Reached skill level 3 in Fighting
  2845 | D:5      | 2845 ||| READING scroll of enchant weapon.
  2845 | D:5      | 2845 ||| ENCHANTING +7 shortbow of electrocution.
  2937 | D:5      | Noticed Eustachio
  2950 | D:5      | Killed Eustachio
  3262 | D:5      | Found a runed translucent door.
  3263 | D:5      | Noticed Crazy Yiuf
  3369 | D:5      | 3369 ||| UPGRADING to ring of positive energy.
  3370 | D:5      | 3370 ||| DRINKING 2 fuming golden potions.
  3371 | D:5      | 3371 ||| DRINKING 2 black potions.
  3432 | D:6      | Found a sacrificial altar of Ru.
  3525 | D:6      | 3525 ||| FLEEEEING.
  3532 | D:6      | 3532 ||| FLEEEEING.
  3591 | D:6      | Reached skill level 13 in Ranged Weapons
  3605 | D:6      | HP: 11/46 [iguana (8)]
  3606 | D:6      | 3606 ||| READING 3 scrolls of teleportation.
  3607 | D:6      | 3607 ||| DRINKING 2 potions of heal wounds.
  3780 | D:6      | Reached skill level 14 in Ranged Weapons
  3937 | D:6      | Reached XP level 9. HP: 51/51 MP: 11/11
  4106 | D:6      | 4106 ||| UPGRADING to +0 cloak.
  4111 | D:6      | 4111 ||| READING 2 scrolls of identify.
  4111 | D:6      | 4111 ||| IDENTIFYING emerald potion
  4112 | D:6      | 4112 ||| READING scroll of identify.
  4112 | D:6      | 4112 ||| IDENTIFYING brown potion
  4113 | D:6      | 4113 ||| DROPPING potion of degeneration.
  4133 | D:7      | 4133 ||| STAIRDANCE
  4168 | D:7      | 4168 ||| STAIRDANCE
  4245 | D:7      | 4245 ||| STAIRDANCE
  4270 | D:7      | 4270 ||| STAIRDANCE
  4281 | D:7      | Reached skill level 6 in Dodging
  4286 | D:7      | Identified the +0 ring mail of the Nexus {Int+6}
  4371 | D:7      | Found a staircase to the Ecumenical Temple.
  4372 | D:7      | 4372 ||| PLANNING TEMPLE
  4372 | D:7      | 4372 ||| DROPPING +0 ring mail of the Nexus {Int+6}.
  4373 | D:7      | 4373 ||| READING scroll labelled ANI NUDAYM.
  4374 | D:7      | 4374 ||| READING scroll labelled WILUGI MUGOKIY.
  4475 | D:7      | 4475 ||| READING scroll labelled HIB NUCZAPHU.
  4533 | Temple   | Entered the Ecumenical Temple
  4534 | Temple   | 4534 ||| PLANNING D:1-11
  4651 | D:7      | Found a burning altar of Makhleb.
  4858 | D:7      | 4858 ||| RETREEEEATING.
  4865 | D:7      | 4865 ||| RETREEEEATING.
  4866 | D:7      | 4866 ||| RETREEEEATING.
  4931 | D:7      | Found an iron altar of Okawaru.
  4932 | D:7      | 4932 ||| PLANNING OKAWARU WORSHIP
  4932 | D:7      | 4932 ||| UPGRADING to +4 ring of protection.
  4938 | D:7      | Became a worshipper of Warmaster Okawaru
  4939 | D:7      | 4939 ||| PLANNING D:1-11
  4939 | D:7      | 4939 ||| REMOVING amulet of Sesinor {Spirit Int+5}.
  5033 | D:8      | 5033 ||| FLEEEEING.
  5153 | D:8      | Found Zeasykh's Magic Scroll Shop.
  5183 | D:8      | 5183 ||| FLEEEEING.
  5184 | D:8      | 5184 ||| FLEEEEING.
  5185 | D:8      | 5185 ||| FLEEEEING.
  5186 | D:8      | 5186 ||| FLEEEEING.
  5187 | D:8      | 5187 ||| FLEEEEING.
  5188 | D:8      | 5188 ||| FLEEEEING.
  5198 | D:8      | Noticed Gastronok
  5219 | D:8      | Killed Gastronok
  5219 | D:8      | Reached * piety under Okawaru
  5220 | D:8      | Reached XP level 10. HP: 39/63 MP: 12/12
  5236 | D:8      | Reached skill level 1 in Invocations
  5318 | D:8      | 5318 ||| BUYING scroll of enchant weapon (82 gold).
  5318 | D:8      | Bought a scroll of enchant weapon for 82 gold pieces
  5318 | D:8      | 5318 ||| BUYING scroll of identify (22 gold).
  5318 | D:8      | Bought a scroll of identify for 22 gold pieces
  5318 | D:8      | 5318 ||| BUYING scroll of identify (22 gold).
  5318 | D:8      | Bought a scroll of identify for 22 gold pieces
  5318 | D:8      | 5318 ||| READING scroll of enchant weapon.
  5318 | D:8      | 5318 ||| ENCHANTING +8 shortbow of electrocution.
  5372 | D:8      | Noticed a deep elf pyromancer
  5373 | D:8      | 5373 ||| INVOKING Heroism.
  5378 | D:8      | Killed a deep elf pyromancer
  5379 | D:8      | Reached skill level 3 in Invocations
  5386 | D:8      | Reached ** piety under Okawaru
  5387 | D:8      | Reached skill level 9 in Dodging
  5585 | D:8      | Noticed Jeremiah
  5590 | D:8      | Killed Jeremiah
  5591 | D:8      | Reached skill level 3 in Armour
  5651 | D:8      | Found a runed translucent gate.
  5651 | D:8      | Found a runed translucent gate.
  5651 | D:8      | Found a runed translucent gate.
  6067 | D:8      | Noticed qw's ghost (novice DjHu)
  6439 | D:8      | 6439 ||| UPGRADING to +2 hat.
  6444 | D:8      | 6444 ||| DROPPING ring of ice.
  6445 | D:8      | 6445 ||| UPGRADING to +5 ring of evasion.
  6447 | D:8      | 6447 ||| DROPPING ring of positive energy.
  6448 | D:8      | 6448 ||| DROPPING ring of see invisible.
  6449 | D:8      | 6449 ||| READING 3 scrolls of identify.
  6449 | D:8      | 6449 ||| IDENTIFYING scroll labelled URCHYE JETRO
  6450 | D:8      | 6450 ||| DROPPING scroll of fog.
  6521 | D:9      | 6521 ||| DROPPING +0 heavy sling.
  6539 | D:9      | 6539 ||| RETREEEEATING.
  6541 | D:9      | 6541 ||| RETREEEEATING.
  6544 | D:9      | 6544 ||| RETREEEEATING.
  6546 | D:9      | 6546 ||| RETREEEEATING.
  6547 | D:9      | 6547 ||| RETREEEEATING.
  6548 | D:9      | 6548 ||| RETREEEEATING.
  6549 | D:9      | 6549 ||| RETREEEEATING.
  6550 | D:9      | 6550 ||| RETREEEEATING.
  6551 | D:9      | 6551 ||| RETREEEEATING.
  6552 | D:9      | 6552 ||| INVOKING Heroism.
  6773 | D:9      | Reached *** piety under Okawaru
  6774 | D:9      | Reached XP level 11. HP: 68/68 MP: 16/16
  6878 | D:9      | 6878 ||| SWAPPING to +0 orcbow.
  6888 | D:9      | 6888 ||| DROPPING +9 shortbow of electrocution.
  6889 | D:9      | 6889 ||| READING scroll of enchant weapon.
  6889 | D:9      | 6889 ||| ENCHANTING +0 orcbow.
  6891 | D:9      | Found an ornate altar of the Wu Jian Council.
  6891 | D:9      | Found a shimmering blue altar of Sif Muna.
  6891 | D:9      | Found a shimmering altar of Xom.
  6891 | D:9      | Found a stormy altar of Qazlal.
  6901 | D:9      | Found an iron altar of Okawaru.
  6906 | D:9      | Found a hazy altar of Hepliaklqana.
  7206 | D:9      | Identified the +8 chain mail of Truth {Dex+3}
  7246 | D:9      | 7246 ||| RETREEEEATING.
  7251 | D:9      | 7251 ||| RETREEEEATING.
  7252 | D:9      | 7252 ||| RETREEEEATING.
  7253 | D:9      | 7253 ||| RETREEEEATING.
  7254 | D:9      | 7254 ||| RETREEEEATING.
  7255 | D:9      | 7255 ||| RETREEEEATING.
  7256 | D:9      | 7256 ||| RETREEEEATING.
  7257 | D:9      | 7257 ||| RETREEEEATING.
  7258 | D:9      | 7258 ||| RETREEEEATING.
  7259 | D:9      | 7259 ||| RETREEEEATING.
  7260 | D:9      | 7260 ||| RETREEEEATING.
  7261 | D:9      | 7261 ||| RETREEEEATING.
  7262 | D:9      | 7262 ||| RETREEEEATING.
  7263 | D:9      | 7263 ||| RETREEEEATING.
  7266 | D:9      | 7266 ||| RETREEEEATING.
  7272 | D:9      | HP: 17/68 [orc warrior/+0 war axe (4)]
  7273 | D:9      | 7273 ||| READING 2 scrolls of teleportation.
  7486 | D:9      | Found a staircase to the Orcish Mines.
  7533 | D:9      | 7533 ||| READING 3 scrolls of identify.
  7533 | D:9      | 7533 ||| IDENTIFYING bubbling sapphire potion
  7534 | D:9      | 7534 ||| READING 2 scrolls of identify.
  7534 | D:9      | 7534 ||| IDENTIFYING scroll labelled ZADETTI MOBO
  7535 | D:9      | 7535 ||| DROPPING scroll of amnesia.
  7570 | D:10     | Entered Level 10 of the Dungeon
  7666 | D:10     | 7666 ||| RETREEEEATING.
  7667 | D:10     | 7667 ||| RETREEEEATING.
  7668 | D:10     | 7668 ||| RETREEEEATING.
  7671 | D:10     | 7671 ||| RETREEEEATING.
  7687 | D:10     | Noticed a soul eater
  7687 | D:10     | 7687 ||| ZAPPING wand of quicksilver (9) at 3,-1 (soul
                  | eater; floor).
  7688 | D:10     | 7688 ||| ZAPPING wand of quicksilver (8) at 2,0 (soul
                  | eater; floor).
  7689 | D:10     | 7689 ||| ZAPPING wand of quicksilver (7) at 2,0 (soul
                  | eater; floor).
  7841 | D:10     | Reached skill level 15 in Ranged Weapons
  8038 | D:10     | 8038 ||| RETREEEEATING.
  8039 | D:10     | 8039 ||| RETREEEEATING.
  8040 | D:10     | 8040 ||| RETREEEEATING.
  8042 | D:10     | Gained mutation: You are partially covered in iridescent
                  | scales. (AC +2) [a neqoxec]
  8054 | D:10     | Noticed a soul eater
  8054 | D:10     | 8054 ||| ZAPPING wand of quicksilver (6) at -4,-1 (soul
                  | eater; floor).
  8055 | D:10     | 8055 ||| ZAPPING wand of quicksilver (5) at -4,-1 (soul
                  | eater; floor).
  8056 | D:10     | 8056 ||| ZAPPING wand of quicksilver (4) at -3,-1 (soul
                  | eater; floor).
  8057 | D:10     | 8057 ||| ZAPPING wand of quicksilver (3) at -3,-1 (soul
                  | eater; floor).
  8058 | D:10     | 8058 ||| ZAPPING wand of quicksilver (2) at -3,-1 (soul
                  | eater; floor).
  8533 | D:10     | HP: 17/68 [killer bee (7)]
  8534 | D:10     | 8534 ||| READING 2 scrolls of teleportation.
  8535 | D:10     | 8535 ||| DRINKING 3 potions of heal wounds.
  8788 | D:10     | 8788 ||| UPGRADING to +1 pair of gloves of infusion.
  8793 | D:10     | 8793 ||| UPGRADING to amulet of the acrobat.
  8798 | D:10     | 8798 ||| READING scroll of identify.
  8798 | D:10     | 8798 ||| IDENTIFYING viscous purple potion
  8799 | D:10     | 8799 ||| DROPPING potion of lignification.
  8828 | D:11     | Noticed a two-headed ogre
  8829 | D:11     | 8829 ||| RETREEEEATING.
  8830 | D:11     | 8830 ||| RETREEEEATING.
  8831 | D:11     | 8831 ||| RETREEEEATING.
  8832 | D:11     | 8832 ||| RETREEEEATING.
  8833 | D:11     | 8833 ||| RETREEEEATING.
  8834 | D:11     | 8834 ||| INVOKING Heroism.
  8835 | D:11     | 8835 ||| DRINKING potion of haste.
  8835 | D:11     | Noticed a death yak
  8846 | D:11     | Noticed a death yak
  8848 | D:11     | Noticed a death yak
  8862 | D:11     | Killed a two-headed ogre
  8862 | D:11     | Reached **** piety under Okawaru
  8863 | D:11     | Reached skill level 16 in Ranged Weapons
  8879 | D:11     | 8879 ||| INVOKING Finesse.
  8889 | D:11     | Killed a death yak
  8916 | D:11     | 8916 ||| INVOKING Finesse.
  8918 | D:11     | Killed a death yak
  8937 | D:11     | Killed a death yak
  8962 | D:11     | HP: 15/64 [hell rat (3)]
  8963 | D:11     | 8963 ||| READING scroll of teleportation.
  8964 | D:11     | 8964 ||| DRINKING 2 potions of heal wounds.
  8988 | D:11     | 8988 ||| INVOKING Finesse.
  8989 | D:11     | 8989 ||| INVOKING Heroism.
  8989 | D:11     | Mangled by a titanic slime creature

Levels and vault maps discovered:
D:1:      psy_arrival_spokes, layout_basic, ebering_ecumenical_altar_petrified
D:2:      layout_basic, basic_altar, minmay_pentomino_pile, uniq_sigmund,
          uniq_jessica
D:3:      layout_rooms, roderic_serpentine_path, minmay_between
D:4:      layout_rooms, dancing_weapons_uskayaw, portal_sewer_entry_c
D:5:      layout_loops_ring, uniq_eustachio, uniq_crazy_yiuf_cottage
D:6:      layout_cave_pools, mainiacjoe_overflow_tiny_flanked,
          minmay_mini_ossuary
D:7:      layout_cave_pools, lemuel_crystal_altar, temple_green,
          minmay_ruined_shrine
D:8:      statuecave_lemuel, layout_layer_cave, gammafunk_ghost_icy,
          serial_shops, shop, kennysheep_flooded_box, grunt_decor_arrowhead,
          minmay_radiant, uniq_jeremiah, uniq_gastronok
D:9:      layout_irregular_city, minmay_overflow_temple_hex, david_orc_4,
          serial_glass, glass_columns_a, glass_columns_a, minivault_5,
          serial_park_tiny_1
D:10:     layout_gridville
D:11:     layout_basic, dpeg_lair_monsters, gammafunk_ghost_ooze, centaur_isle
Temple:   nicolae_temple_figure_eight

Skill      XL: |  1  2  3  4  5  6  7  8  9 10 11 |
---------------+----------------------------------+-----
Ranged Weapons | 6 7 9 10 12 14 16 | 16.0
Dodging        | 3 5 8 10 11 | 11.2
Fighting       | 2 3 7 8 |  8.1
Armour         | 1 2 3 4 |  4.0
Invocations    | 4 5 |  5.3
Stealth        | |  1.2

Action                     |  1- 3 |  4- 6 |  7- 9 | 10-12 || total
---------------------------+-------+-------+-------+-------++-------
   Fire: Shortbow          |    86 |   112 |   309 |   118 ||   625
         Orcbow            |       |       |       |   307 ||   307
 Invoke: Heroism           |       |       |       |     4 ||     4
         Finesse           |       |       |       |     3 ||     3
  Evoke: Wand              |       |       |       |     8 ||     8
    Use: Scroll            |     5 |     5 |    10 |     9 ||    29
         Potion            |       |     1 |     4 |     3 ||     8
 Armour: Leather armour    |    15 |     5 |       |       ||    20
         Ring mail         |       |    11 |    72 |   115 ||   198
  Dodge: Dodged            |    11 |    18 |    82 |   250 ||   361

Table legend:
 A = Non-vault XP
 B = Vault XP
 C = Vault XP percentage of total XP
 D = Non-vault monster count
 E = Vault monster count
 F = Vault count percentage of total count
                 A         B        C        D         E       F
            +---------+---------+-------+---------+---------+-------
      Total |   11648 |    7139 |  38.0 |     210 |      64 |  23.4
            +---------+---------+-------+---------+---------+-------
        D:1 |      40 |       0 |   0.0 |      24 |       0 |   0.0
        D:2 |      53 |     269 |  83.5 |      18 |       8 |  30.8
        D:3 |     160 |       7 |   4.2 |      28 |       5 |  15.2
        D:4 |     503 |      20 |   3.8 |      21 |       6 |  22.2
        D:5 |     506 |     203 |  28.6 |      13 |       1 |   7.1
        D:6 |    1346 |      22 |   1.6 |      22 |       5 |  18.5
        D:7 |    1062 |     579 |  35.3 |      12 |       7 |  36.8
        D:8 |    1495 |    2868 |  65.7 |      26 |       4 |  13.3
        D:9 |    2167 |     656 |  23.2 |      22 |      15 |  40.5
       D:10 |    1765 |       0 |   0.0 |      14 |       0 |   0.0
       D:11 |    2551 |    2478 |  49.3 |      10 |       7 |  41.2
      Sewer |       0 |      37 | 100.0 |       0 |       6 | 100.0
            +---------+---------+-------+---------+---------+-------
